 Dungeon Crawl Stone Soup version 0.32-a0-898-g7811c86cf0 (webtiles) character file.

Game seed: 15911256685582516314

49618 Biggs the Marksgoblin (level 14, -1/110 HPs)
             Began as a Coglin Hunter on Apr 4, 2024.
             Was the Champion of Okawaru.
             Slain by a salamander
             ... wielding a +0 trident
              (10 damage)
             ... on level 1 of the Snake Pit.
             The game lasted 00:33:16 (13738 turns).

Biggs the Marksgoblin (Coglin Hunter)              Turns: 13738, Time: 00:33:17

Health: -1/110     AC: 11    Str: 14    XL:     14   Next: 51%
Magic:  14/14      EV: 23    Int:  9    God:    Okawaru [******]
Gold:   364        SH:  0    Dex: 22    Spells: 13/13 levels left

rFire   + + .        u - +7 hand cannon "Mule" {flame, backblast, rF+}
rCold   . . .        F - +2 sling (elec) {Francisca}
rNeg    . . .        I - +1 robe of Vines {NoPotionHeal Regen++++}
rPois   .            a - +2 helmet of Okawaru's Hope {^Contam Str+2 Stlth+}
rElec   .            B - +0 cloak
rCorr   .            J - +2 pair of gloves
SInv    .            H - +0 pair of boots
Will    ++...        (amulet unavailable)
Stlth   +++          (ring unavailable)
HPRegen 3.58/turn    (ring unavailable)
MPRegen 0.14/turn    K - neodynamo N-4200 {rF+ Will+ Clar RMsl}

%: repel missiles, clarity
@: slowed, revved, very slow
A: off-hand wielding, slow wielding, warmup strikes, no jewellery
a: Renounce Religion, Heroism, Finesse, Duel


You were on level 1 of the Snake Pit.
You worshipped Okawaru.
Okawaru was exalted by your worship.
You visited 4 branches of the dungeon, and saw 16 of its levels.
You also visited: Sewer and Ossuary.

You collected 708 gold pieces.
You spent 344 gold pieces at shops.

Inventory:

Hand Weapons
 u - the +7 hand cannon "Mule" (weapon) {flame, backblast, rF+}
   (Okawaru gifted it to you on level 2 of the Lair of Beasts)

   rF+:       It protects you from fire.
 F - a +2 sling of electrocution (offhand) {Francisca}
Armour
 a - the +2 helmet of Okawaru's Hope (worn) {^Contam Str+2 Stlth+}
   (Okawaru gifted it to you on level 2 of the Lair of Beasts)

   Str+2:     It affects your strength (+2).
   ^Contam:   It causes magical contamination when unequipped.
   Stlth+:    It makes you more stealthy.
 b - a +0 helmet
 m - a +1 pair of gloves of hurling
 q - a +2 robe of resistance
 B - a +0 cloak (worn)
 G - a +0 troll leather armour
 H - a +0 pair of boots (worn)
 I - the +1 robe of Vines (worn) {NoPotionHeal Regen++++}
   (You found it on level 5 of the Lair of Beasts)

   NoPotionHeal: Its wearer cannot be healed by potions.
   Regen++++: It increases your rate of health regeneration.
 J - a +2 pair of gloves (worn)
Gizmo
 K - a neodynamo N-4200 (installed) {rF+ Will+ Clar RMsl}
   (You invented it yourself on level 5 of the Lair of Beasts)

   [neodynamo N-4200]

   rF+:       It protects you from fire.
   Will+:     It increases your willpower.
   Clar:      It protects you from confusion, rage, mesmerisation and fear.
   RMsl:      It protects you from missiles.
Wands
 c - a wand of paralysis (16)
 d - a wand of polymorph (4)
 v - a wand of quicksilver (11)
 D - a wand of flame (40)
 L - a wand of digging (4)
Scrolls
 e - 10 scrolls of identify
 g - 5 scrolls of immolation
 i - 3 scrolls of poison
 n - 3 scrolls of blinking
 p - 3 scrolls of noise
 s - 3 scrolls of enchant armour
 w - a scroll of fog {unknown}
 y - 3 scrolls of amnesia
 C - a scroll of vulnerability
 E - 2 scrolls of enchant weapon
Potions
 f - 2 potions of haste {unknown}
 h - 4 potions of enlightenment
 j - a potion of mutation {unknown}
 k - a potion of lignification {unknown}
 l - 4 potions of might {unknown}
 o - 5 potions of curing
 r - 3 potions of brilliance {unknown}
 t - 4 potions of heal wounds
 x - 2 potions of berserk rage {unknown}
 z - a potion of invisibility {unknown}
 A - 2 potions of attraction {unknown}


   Skills:
 - Level 10.0 Fighting
 + Level 15.6 Ranged Weapons
 - Level 14.5 Dodging
 - Level 0.7 Stealth
 - Level 5.0 Evocations


You had 13 spell levels left.
You didn't know any spells.
Your spell library contained the following spells:

 Spells                   Type           Power      Damage    Failure   Level
 Magic Dart               Conj           0%         1d3       38%         1
 Cigotuvi's Dreadful Rot  Necr/Alch/Air  0%         N/A       52%         2
 Searing Ray              Conj           0%         2d4       52%         2
 Sublimation of Blood     Necr           0%         N/A       52%         2
 Sigil of Binding         Hex            0%         N/A       77%         3
 Anguish                  Hex/Necr       0%         N/A       99%         4
 Cause Fear               Hex            0%         N/A       99%         4
 Dimensional Bullseye     Hex/Tloc       0%         N/A       99%         4
 Fulminant Prism          Conj/Alch      0%         3d5       99%         4
 Ignite Poison            Fire/Alch      0%         N/A       99%         4
 Petrify                  Alch/Erth      0%         N/A       99%         4
 Fireball                 Conj/Fire      0%         3d3       100%        5
 Freezing Cloud           Conj/Ice/Air   0%         6-21      100%        5
 Irradiate                Conj/Alch      0%         3d11      100%        5
 Conjure Ball Lightning   Conj/Air       0%         3x3d6     100%        6
 Enfeeble                 Hex            0%         N/A       100%        7
 Discord                  Hex            0%         N/A       100%        8
 Disjunction              Tloc           0%         N/A       100%        8
 Call Canine Familiar     Summ           Unusable   N/A       N/A         3
 Dragon's Call            Summ           Unusable   N/A       N/A         9

Dungeon Overview and Level Annotations

Branches:
Dungeon (9/15)             Temple (1/1) D:7            Lair (5/5) D:8
  Swamp (0/4) Lair:3        Snake (1/4) Lair:2        Slime (0/5) Lair:5
    Orc (0/2) D:9           Sewer (visited)         Ossuary (visited)

Altars:
Ashenzari
Cheibriados
Dithmenos
Elyvilon
Fedhas
Gozag
Hepliaklqana
Kikubaaqudgha
Makhleb
Nemelex Xobeh
Okawaru
Qazlal
Ru
Sif Muna
Trog
Uskayaw
Vehumet
Wu Jian
Xom
Yredelemnul
Zin
The Shining One
Jiyva

Shops:
D:3 [   D:5 :   D:8 !

Annotations:
Lair:5 3 runed translucent doors, CowFu's ghost, journeyman MDFi


Innate Abilities, Weirdness & Mutations

You can wield a second weapon in your off-hand.
It takes a long time for you to wield or remove held weapons.
Your first few attacks do less damage.
You cannot equip rings or amulets.


Message History

The naga sharpshooter magically shoots an arrow.
The arrow is repelled.
The salamander completely misses you.
The naga sharpshooter shoots a bolt.
The bolt is repelled.
Unknown command.
Fire: u) +7 hand cannon "Mule" {flame, backblast, rF+}
Press: ? - help, Q - select action, (/) - cycle Shift-Dir - straight line, f/p - salamander
Aim: a salamander, wielding a +0 trident (heavily wounded, 83% to hit)
You shoot a sling bullet.
The sling bullet hits the naga sharpshooter but does no damage.
Lightning courses through the naga sharpshooter!
The naga sharpshooter is severely wounded.
You shoot a slug. The slug hits the naga sharpshooter.
The slug burns the naga sharpshooter.
The naga sharpshooter is almost dead.
The naga mage points at the naga and mumbles some strange words.
The naga's venom grows more potent.
The naga hits you from afar with a +0 halberd!!
* * * LOW HITPOINT WARNING * * *
The naga sharpshooter spits poison at you.
The splash of poison is repelled.
The salamander misses you.
The naga sharpshooter shoots a bolt.
The bolt completely misses you. The naga closely misses you.
The naga sharpshooter shoots an arrow.
The arrow completely misses you.
Unknown command.
Unknown command.
Unknown command.
Okay, then.
Okay, then.
Fire: u) +7 hand cannon "Mule" {flame, backblast, rF+}
Press: ? - help, Q - select action, (/) - cycle Shift-Dir - straight line, p - salamander You shoot a sling bullet.
The sling bullet hits the naga sharpshooter but does no damage.
Lightning courses through the naga sharpshooter!
You kill the naga sharpshooter!
Okawaru accepts your kill.
You shoot a slug. The slug hits the salamander!
The salamander is severely wounded.
The salamander hits you from afar with a +0 trident!
You die...

#### ####
###..###....
#...........
#...........
#..........
#.......
#.NN.##
#○○N..######
#@#.)..N....
#+##NN......
##.......
.......
.......
.......
..#.)..
..#..$.


You could see a naga sharpshooter (curare), a salamander and a naga (curare).

Vanquished Creatures
  An eleionoma (Lair:3)
  Fannar (Lair:3)
  5 hydras
  Erica (Lair:1)
  2 catoblepae (Lair:5)
  A boulder beetle (Lair:5)
  13 death yaks (Lair:5)
  A naga sharpshooter (Snake:1)
  A shock serpent (Snake:1)
  Amaemon (Lair:2)
  A skyshark (Lair:5)
  A lindwurm (Lair:5)
  Pikel (D:6)
  2 manticores (Lair:5)
  15 elephants
  2 oklob plants (Lair:5)
  8 black mambas
  2 naga magi (Snake:1)
  An orange demon (Lair:2)
  6 cane toads
  Jeremiah (D:8)
  9 komodo dragons
  5 rime drakes
  A troll (D:9)
  13 blink frogs
  10 dream sheep
  A vampire (D:8)
  37 yaks
  3 wyverns
  3 basilisks
  2 steam dragons
  Edmund (D:6)
  4 nagas
  11 water moccasins
  5 black bears
  2 orc warriors (D:9)
  3 ice beasts
  A centaur (D:5)
  3 lemures (D:6)
  2 elf zombies (Ossuary)
  A phantom (D:6)
  3 kobold brigands
  2 gnoll sergeants (D:8)
  9 bullfrogs
  3 scorpions
  13 wights
  2 electric eels (D:6)
  A howler monkey (D:8)
  4 centaur zombies (Ossuary)
  3 jellies
  3 human zombies (Ossuary)
  2 hounds (D:5)
  A gnoll bouda (D:5)
  2 sleepcaps
  12 hell rats
  3 orc wizards (D:3)
  An iguana (D:6)
  2 crocodile zombies (Ossuary)
  3 mummies (Ossuary)
  13 gnolls
  5 adders
  4 white imps
  2 ufetubi (D:6)
  A dart slug (D:1)
  2 ribbon worms
  22 orcs
  9 ball pythons
  4 endoplasms
  6 giant cockroaches
  4 goblins
  9 hobgoblins
  2 jackals (Sewer)
  22 kobolds
  3 quokkas
  4 bats
  4 frilled lizards
  4 rats
373 creatures vanquished.

Vanquished Creatures (others)
  A catoblepas (Lair:5)
  A bullfrog (Lair:3)
2 creatures vanquished.

Grand Total: 375 creatures vanquished

Notes
Turn   | Place    | Note
-------+----------+-------------------------------------------
     0 | D:1      | Biggs the Coglin Hunter began the quest for the Orb.
     0 | D:1      | Reached XP level 1. HP: 16/16 MP: 1/1
   219 | D:1      | Reached skill level 4 in Ranged Weapons
   219 | D:1      | Reached XP level 2. HP: 22/22 MP: 2/2
   336 | D:1      | Reached XP level 3. HP: 27/27 MP: 3/3
   447 | D:1      | Found a faded altar of an unknown god.
  1310 | D:2      | Reached skill level 5 in Ranged Weapons
  1310 | D:2      | Reached XP level 4. HP: 32/33 MP: 4/4
  1920 | D:3      | Reached XP level 5. HP: 38/38 MP: 5/5
  2015 | D:3      | Found Aqoedwow's Antique Armour Shoppe.
  2023 | D:3      | Bought a pair of runed gloves for 120 gold pieces
  2429 | D:4      | Reached skill level 6 in Ranged Weapons
  2455 | D:4      | Reached XP level 6. HP: 44/44 MP: 6/6
  2933 | D:5      | Entered Level 5 of the Dungeon
  2954 | D:5      | Noticed a water moccasin
  2960 | D:5      | Killed a water moccasin
  2961 | D:5      | Reached skill level 7 in Ranged Weapons
  2999 | D:5      | Reached XP level 7. HP: 44/50 MP: 7/7
  3127 | D:5      | Found Qiumetoph's Self-Published Books.
  3238 | D:5      | Reached skill level 8 in Ranged Weapons
  3503 | D:5      | Found a glowing drain.
  3507 | Sewer    | Entered a sewer
  3694 | Sewer    | Found a white marble altar of Elyvilon.
  4192 | D:5      | Reached skill level 9 in Ranged Weapons
  4192 | D:5      | Reached XP level 8. HP: 56/56 MP: 8/8
  4380 | D:6      | Reached skill level 5 in Fighting
  4404 | D:6      | Noticed Edmund
  4940 | D:3      | Bought a fine ring mail for 144 gold pieces
  4940 | D:3      | Identified the +1 ring mail "Cutzawk" {+Blink rC+ Str+2
                  | Dex+3} (You bought it in a shop on level 3 of the Dungeon)
  5219 | D:6      | Reached XP level 9. HP: 68/68 MP: 9/9
  5261 | D:6      | Identified the +3 ring mail "Buirunke" {Str+2 Int+2}
  5397 | D:6      | Noticed Pikel
  5407 | D:6      | Killed Pikel
  5646 | D:6      | Killed Edmund
  6097 | D:7      | Found a staircase to the Ecumenical Temple.
  6123 | Temple   | Entered the Ecumenical Temple
  6142 | Temple   | Became a worshipper of Warmaster Okawaru
  6179 | D:7      | Found a sand-covered staircase.
  6191 | Ossuary  | Entered an ossuary
  6260 | Ossuary  | Reached skill level 10 in Ranged Weapons
  6636 | D:7      | Found a glowing silver altar of Zin.
  6636 | D:7      | Found a glowing golden altar of the Shining One.
  6636 | D:7      | Found an opulent altar of Gozag.
  6638 | D:7      | Found an ancient bone altar of Kikubaaqudgha.
  6638 | D:7      | Found a shimmering blue altar of Sif Muna.
  6638 | D:7      | Found a hazy altar of Hepliaklqana.
  6640 | D:7      | Found a white marble altar of Elyvilon.
  6640 | D:7      | Found a snail-covered altar of Cheibriados.
  6640 | D:7      | Found a radiant altar of Vehumet.
  6678 | D:7      | Reached * piety under Okawaru
  6716 | D:7      | Reached XP level 10. HP: 74/74 MP: 10/10
  6928 | D:8      | Found Pasagud's Distillery.
  6937 | D:8      | Reached skill level 11 in Ranged Weapons
  7212 | D:8      | Bought a potion of heal wounds for 80 gold pieces
  7261 | D:8      | Reached ** piety under Okawaru
  7405 | D:8      | Reached skill level 12 in Ranged Weapons
  7449 | D:8      | Found a staircase to the Lair.
  7561 | D:8      | Noticed Jeremiah
  7574 | D:8      | Killed Jeremiah
  7676 | D:8      | Reached *** piety under Okawaru
  8104 | Lair:1   | Entered Level 1 of the Lair of Beasts
  8123 | Lair:1   | Noticed a black mamba
  8130 | Lair:1   | Killed a black mamba
  8131 | Lair:1   | Reached skill level 13 in Ranged Weapons
  8279 | D:9      | Reached XP level 11. HP: 58/79 MP: 11/11
  8382 | D:9      | Found a staircase to the Orcish Mines.
  8656 | Lair:1   | Reached skill level 14 in Ranged Weapons
  8657 | Lair:1   | Reached **** piety under Okawaru
  8803 | Lair:1   | Found the +18 Lear's hauberk
  9036 | Lair:1   | Noticed Erica
  9044 | Lair:1   | Killed Erica
  9307 | Lair:2   | Noticed Amaemon
  9334 | Lair:1   | Reached ***** piety under Okawaru
  9335 | Lair:1   | Reached skill level 5 in Evocations
  9422 | Lair:2   | Identified the +3 robe "Antury" {+Inv Dex+2}
  9450 | Lair:2   | Killed Amaemon
  9541 | Lair:2   | Found a staircase to the Snake Pit.
  9547 | Lair:2   | Received a gift from Okawaru
  9705 | Lair:2   | Noticed a seven-headed hydra
  9720 | Lair:2   | Killed a seven-headed hydra
  9852 | Lair:2   | Reached XP level 12. HP: 95/95 MP: 12/12
 10447 | Lair:3   | Reached skill level 10 in Fighting
 10556 | Lair:3   | Received a gift from Okawaru
 10624 | Lair:3   | Found a staircase to the Swamp.
 10624 | Lair:3   | Noticed an eleionoma
 10638 | Lair:3   | Killed an eleionoma
 10779 | Lair:3   | Noticed Fannar
 10856 | Lair:3   | Received a gift from Okawaru
 10917 | Lair:3   | Killed Fannar
 11136 | Lair:3   | Reached skill level 10 in Dodging
 11558 | Lair:4   | Reached XP level 13. HP: 19/103 MP: 13/13
 11667 | Lair:4   | Reached ****** piety under Okawaru
 11779 | Lair:2   | Acquired the +7 hand cannon "Mule" {flame, backblast, rF+}
 11779 | Lair:2   | Received a gift from Okawaru
 11779 | Lair:2   | Found the +7 hand cannon "Mule" {flame, backblast, rF+}
 11803 | Lair:2   | Acquired the +2 helmet of Okawaru's Hope {^Contam Str+2
                  | Stlth+}
 11803 | Lair:2   | Received a gift from Okawaru
 11898 | Lair:3   | Received a gift from Okawaru
 12351 | Lair:5   | Entered Level 5 of the Lair of Beasts
 12401 | Lair:5   | Found a staircase to the Slime Pits.
 12402 | Lair:5   | Found a viscous altar of Jiyva.
 12458 | Lair:5   | Received a gift from Okawaru
 12572 | Lair:5   | Found a runed translucent gate.
 12572 | Lair:5   | Found a runed translucent gate.
 12572 | Lair:5   | Found a runed translucent gate.
 12572 | Lair:5   | Noticed an acid blob
 12572 | Lair:5   | Noticed an azure jelly
 12572 | Lair:5   | Noticed an azure jelly
 12572 | Lair:5   | Noticed an azure jelly
 12572 | Lair:5   | Noticed an azure jelly
 12573 | Lair:5   | Noticed an azure jelly
 12573 | Lair:5   | Noticed CowFu's ghost (journeyman MDFi)
 12574 | Lair:5   | Noticed an acid blob
 12574 | Lair:5   | Noticed a rockslime
 12759 | Lair:5   | Found the +1 robe of Vines {NoPotionHeal Regen++++}
 12924 | Lair:5   | Received a gift from Okawaru
 12947 | Lair:5   | Reached XP level 14. HP: 110/110 MP: 14/14
 13073 | Lair:5   | Received a gift from Okawaru
 13092 | Lair:5   | Acquired a neodynamo N-4200 {rF+ Will+ Clar RMsl}
 13128 | Lair:5   | Reached skill level 15 in Ranged Weapons
 13580 | Lair:5   | Found a viscous altar of Jiyva.
 13709 | Snake:1  | Entered Level 1 of the Snake Pit
 13737 | Snake:1  | HP: 4/110 [naga/+0 halberd (18)]
 13738 | Snake:1  | Slain by a salamander

Illustrated notes

Levels and vault maps discovered:
D:1:      ncdulo_lavacross, layout_basic,
          hellmonk_ecumenical_altar_inner_sanctum, hangedman_decor_growths,
          serial_park_tiny_1
D:2:      layout_loops_corners, dk_noncrumbling_4, minmay_misc_feat_four_crosses
D:3:      layout_loops_ring, serial_shops, shop
D:4:      layout_basic
D:5:      layout_basic, gup_sewer_entry_spiral, chequers_serial_rivers_micro_a,
          nicolae_custom_books
D:6:      layout_cave_pools, water_boxes_lemuel, uniq_edmund, uniq_pikel
D:7:      layout_basic, nicolae_overflows_in_rows, minmay_temple_entry_arrows,
          nicolae_ossuary_entry_ruins, minmay_misc_feat_enclosed,
          minmay_statues_item, wad_floor_pattern_2
D:8:      layout_cave_pools, lair_entry_dummy, serial_shops,
          nicolae_stop_n_shop_1, nzn_life_drinkers, uniq_jeremiah
D:9:      layout_roguey [special_room_orc], david_orc_2,
          gammafunk_ghost_hydra_chop
Temple:   nicolae_temple_bog_church
Lair:1:   layout_chaotic_city, uniq_erica
Lair:2:   layout_cave_pods, guppyfry_snake_entry_garden, uniq_amaemon
Lair:3:   layout_misc_corridors, alex1729_swamp_entry_worm_eleionoma,
          uniq_fannar
Lair:4:   layout_hall_layers
Lair:5:   evilmike_catoblepas_cave, layout_regular_city, slime_entry_1,
          gammafunk_ghost_ooze, hellmonk_guarded_unrand_vines
Snake:1:  layout_grid_shapes, serial_shops, nicolae_shop_hallway_stairs,
          minmay_shop_star

Skill      XL: |  1  2  3  4  5  6  7  8  9 10 11 12 13 14 |
---------------+-------------------------------------------+-----
Ranged Weapons | 4 5 6 7 9 10 13 14 15 | 15.6
Fighting       | 5 9 10 | 10.0
Dodging        | 4 6 10 14 | 14.5
Evocations     | 5 |  5.0
Stealth        | |  0.7

Action                     |  1- 3 |  4- 6 |  7- 9 | 10-12 | 13-15 || total
---------------------------+-------+-------+-------+-------+-------++-------
   Fire: Sling             |   144 |   242 |   746 |  1334 |   333 ||  2799
         Hand cannon       |       |       |       |       |   273 ||   273
 Invoke: Receive Weapon    |       |       |       |       |     1 ||     1
         Receive Armour    |       |       |       |       |     1 ||     1
Ability: Invent Gizmo      |       |       |       |       |     1 ||     1
  Evoke: Wand              |       |       |     1 |     2 |       ||     3
    Use: Scroll            |       |     7 |     3 |     4 |     2 ||    16
         Potion            |       |       |       |     2 |     2 ||     4
 Armour: Leather armour    |     9 |    35 |    47 |       |       ||    91
         Ring mail         |       |       |    77 |    94 |       ||   171
         Troll leather arm |       |       |       |   124 |    43 ||   167
         Robe              |       |       |       |       |    35 ||    35
  Dodge: Dodged            |     6 |    20 |   118 |   250 |   116 ||   510
         Repelled          |       |       |       |       |    12 ||    12

Table legend: (Time is in decaauts)
 A = Elapsed time spent in this place.
 B = Non-inter-level travel time spent in this place.
 C = Inter-level travel time spent in this place.
 D = Time resting spent in this place.
 E = Time spent auto-exploring this place.
 F = Levels seen in this place.
 G = Mean time per level.
                   A        B        C        D        E       F      G
               +--------+--------+--------+--------+--------+-----+--------+
         Total |  13736 |  12629 |   1107 |    588 |   9369 |  18 |  763.1 |
       Dungeon |   7955 |   7260 |    695 |    386 |   5536 |   9 |  883.9 |
        Temple |     38 |      2 |     36 |      0 |      0 |   1 |   38.0 |
          Lair |   5160 |   4784 |    376 |    202 |   3510 |   5 | 1032.0 |
     Snake Pit |     31 |     31 |      0 |      0 |      0 |   1 |   31.0 |
         Sewer |    325 |    325 |      0 |      0 |    221 |   1 |  325.0 |
       Ossuary |    224 |    224 |      0 |      0 |    101 |   1 |  224.0 |
               +--------+--------+--------+--------+--------+-----+--------+

Top non-repeatable levels by time:
     D:5: 1642 daAuts
  Lair:5: 1262 daAuts
  Lair:3: 1193 daAuts
  Lair:2: 1165 daAuts
     D:8: 1037 daAuts
     D:6: 1017 daAuts
     D:7: 941 daAuts
  Lair:1: 891 daAuts
     D:2: 890 daAuts
     D:1: 811 daAuts
     D:3: 804 daAuts
  Lair:4: 647 daAuts
     D:4: 641 daAuts
   Sewer: 325 daAuts
 Ossuary: 224 daAuts
